 Dungeon Crawl Stone Soup version 0.30-a0-726-gd89dcf765f (webtiles) character file.

Game seed: 13878050316028548944

69 Laraso the Cudgeller (level 4, -2/39 HPs)
             Began as an Armataur Berserker on Jan 30, 2023.
             Was a Believer of Trog.
             Slain by a gnoll
             ... wielding a +0 club
              (6 damage)
             ... on level 1 of the Dungeon.
             The game lasted 00:01:41 (961 turns).

Laraso the Cudgeller (Armataur Berserker)            Turns: 961, Time: 00:01:42

Health: -2/39      AC:  4    Str: 25    XL:     4   Next: 2%
Magic:  4/4        EV:  9    Int:  7    God:    Trog [**....]
Gold:   65         SH:  0    Dex:  9    Spells: 3/3 levels left

rFire   . . .      SeeInvis .    a - +0 mace
rCold   . . .      Faith    .    (no shield)
rNeg    . . .      Spirit   .    b - +0 animal skin
rPois   .          Reflect  .    (no helmet)
rElec   .          Harm     .    (no cloak)
rCorr   .          Roll     +    (no gloves)
Will    .....                    (no barding)
Stlth   +                        (no amulet)
HPRegen 0.26/turn                (no ring)
MPRegen 0.09/turn                (no ring)

@: no status effects
A: large, rugged brown scales 3, deformed body, armoured tail, roll, long
tongue, awkward tongue
a: Renounce Religion, Berserk, Trog's Hand


You were on level 1 of the Dungeon.
You worshipped Trog.
Trog was pleased with you.
You visited 1 branch of the dungeon, and saw 2 of its levels.

You collected 65 gold pieces.

Inventory:

Hand Weapons
 a - a +0 mace (weapon)
Armour
 b - a +0 animal skin (worn)
Jewellery
 d - a +6 ring of intelligence
Scrolls
 c - 3 scrolls of teleportation {unknown}
 e - 2 scrolls of identify {unknown}
 f - a scroll of blinking {unknown}
 i - a scroll of poison {unknown}
 j - a scroll of immolation {unknown}
Potions
 g - 3 potions of heal wounds {unknown}
 h - a potion of curing {unknown}


   Skills:
 - Level 2.6 Fighting
 + Level 4.5 Maces & Flails
 - Level 2.4 Armour
 - Level 1.3 Dodging


You had 3 spell levels left.
You didn't know any spells.
Your spell library was empty.

Dungeon Overview and Level Annotations

Branches:
Dungeon (2/15)

Altars:

Shops:
D:1 (


Innate Abilities, Weirdness & Mutations

You are completely covered in rugged brown scales. (AC +3, +7% HP)
Armour fits poorly on your strangely shaped body.
You have a long armoured tail.
You roll when moving toward enemies. (Rampage)
Your long tongue fully drains potion bottles. (2x potion effects)
Your tongue gives you trouble enunciating. (1.5x scroll delay)


Message History

There are monsters nearby!
There are monsters nearby!
A gnoll comes into view. It is wielding a +0 flail.
You see here a viscous green potion.
You roll towards the gnoll!
The gnoll shouts!
You hit the gnoll but do no damage. The gnoll hits you with a +0 spear.
You hit the gnoll.
The gnoll is heavily wounded.
The gnoll barely misses you. The gnoll hits you with a +0 spear.
You closely miss the gnoll.
The gnoll is heavily wounded.
The gnoll hits you with a +0 spear.
You sock the gnoll!
You kill the gnoll!
Trog accepts your kill. The gnoll hits you with a +0 club.
You have reached level 4!
You feel stronger.
You see here a viscous green potion.
g - 3 viscous green potions (gained 1)
The gnoll hits you with a +0 club. The gnoll attacks as you move away!
The gnoll hits you with a +0 club. The gnoll attacks as you move away!
The gnoll hits you with a +0 club. The gnoll attacks as you move away!
The gnoll hits you with a +0 club. The gnoll attacks as you move away!
The gnoll barely misses you. The gnoll attacks as you move away!
The gnoll hits you with a +0 club.
There is a stone staircase leading up here.
The gnoll hits you with a +0 club.
* * * LOW HITPOINT WARNING * * *
You climb upwards.
There is a stone staircase leading down here.
You sock the gnoll!
Your tail-slap misses the gnoll.
The gnoll is heavily wounded.
The gnoll hits you with a +0 club.
* * * LOW HITPOINT WARNING * * *
You hit the gnoll but do no damage.
The gnoll is heavily wounded.
The gnoll hits you with a +0 club.
You die...

....§.≈.....#
#..#.8.#..#.#
#.........#.##
####+#'#####.##########
.'.'.#.'.'............#
.###.#.###.....######.#
.###.#.##.####.# #.#
.......##.####.######.#
#########.##...g@..##.#
##..#.#####.##.#
##...### #.##.#
#######.....## #....#
.............## #.####
######...∩(..(####.#
######.)......))...#
......#.....###.####
#####.##)..####.#


You could see a gnoll.

Vanquished Creatures
  2 gnolls (D:2)
  An adder (D:2)
  A dart slug (D:1)
  A bat (D:2)
  7 endoplasms
  4 giant cockroaches
  A goblin (D:1)
  4 hobgoblins
  3 jackals (D:1)
  6 ball pythons
  A frilled lizard (D:1)
  3 kobolds (D:1)
34 creatures vanquished.

Notes
Turn   | Place    | Note
-------+----------+-------------------------------------------
     0 | D:1      | Laraso the Armataur Berserker began the quest for the Orb.
     0 | D:1      | Reached XP level 1. HP: 19/19 MP: 1/1
    43 | D:1      | Found Hinohe's Weapon Shoppe.
    67 | D:1      | Reached skill level 3 in Maces & Flails
   192 | D:1      | Reached XP level 2. HP: 26/26 MP: 2/2
   630 | D:1      | Reached XP level 3. HP: 32/32 MP: 3/3
   817 | D:2      | Reached skill level 4 in Maces & Flails
   914 | D:2      | Reached ** piety under Trog
   945 | D:2      | Reached XP level 4. HP: 22/39 MP: 4/4
   961 | D:1      | Slain by a gnoll

Illustrated notes

Levels and vault maps discovered:
D:1:      shiori_arrival_oz, layout_loops_ring, serial_shops,
          nicolae_shop_bloodbath_and_beyond, minmay_misc_feat_doors
D:2:      layout_basic, chequers_serial_rivers_micro_b

Skill      XL: |  1  2  3 |
---------------+----------+-----
Maces & Flails | 3 4 |  4.5
Fighting       | |  2.6
Armour         | |  2.4
Dodging        | |  1.3

Action                     |  1- 3 |  4- 6 || total
---------------------------+-------+-------++-------
  Melee: Mace              |    82 |     2 ||    84
         Tailslap          |     8 |       ||     8
         Punch             |     2 |       ||     2
   Stab: Sleeping          |     2 |       ||     2
 Armour: Animal skin       |    25 |       ||    25
  Dodge: Dodged            |    29 |     1 ||    30

Table legend: (Time is in decaauts)
 A = Elapsed time spent in this place.
 B = Non-inter-level travel time spent in this place.
 C = Inter-level travel time spent in this place.
 D = Time resting spent in this place.
 E = Time spent auto-exploring this place.
 F = Levels seen in this place.
 G = Mean time per level.
                   A        B        C        D        E       F      G
               +--------+--------+--------+--------+--------+-----+--------+
         Total |    979 |    954 |     25 |      0 |    740 |   2 |  489.5 |
       Dungeon |    979 |    954 |     25 |      0 |    740 |   2 |  489.5 |
               +--------+--------+--------+--------+--------+-----+--------+

Top non-repeatable levels by time:
     D:1: 810 daAuts
     D:2: 169 daAuts
